[Event "*** Titled Tuesday 3|2 Blitz"]
[Site "Chess.com"]
[Date "2016.07.05"]
[Round "1"]
[White "Tonychess32"]
[Black "akinov-akinseye"]
[Result "1-0"]
[WhiteElo "2397"]
[BlackElo "1825"]
[TimeControl "180+2"]
[EndTime "11:03:15 PDT"]
[Termination "Tonychess32 won by resignation"]

1. e4 d5 2. exd5 Qxd5 3. Nc3 Qd6 4. Nf3 g6 5. d4 Nf6 6. Be2 Bg7 7. O-O O-O 8. h3 a6 9. Re1 b5 10. Ne5 Bb7 11. Bf4 Qd8 12. Bf3 Bxf3 13. Qxf3 Nbd7 14. Nc6 Qe8 15. Nxe7+ Kh8 16. Nxg6+ hxg6 17. Rxe8 Raxe8 18. Qc6 Re6 19. Qxc7 Rfe8 20. d5 Re1+ 21. Rxe1 Rxe1+ 22. Kh2 Nf8 23. Qxf7 N8h7 24. Qxg6 Re8 25. d6 Rd8 26. Ne4 Nxe4 27. Qxe4 Bxb2 28. Be5+ Bxe5+ 29. Qxe5+ Kg8 30. Qe6+ Kh8 31. Qe7 Rg8 32. d7 Rxg2+ 33. Kxg2 1-0

[Event "*** Titled Tuesday 3|2 Blitz"]
[Site "Chess.com"]
[Date "2016.07.05"]
[Round "1"]
[White "Quiet_Desperation"]
[Black "Blitzstream"]
[Result "0-1"]
[WhiteElo "2201"]
[BlackElo "2512"]
[TimeControl "180+2"]
[EndTime "11:03:45 PDT"]
[Termination "Blitzstream won by resignation"]

1. e4 d5 2. exd5 Qxd5 3. d4 Nc6 4. Nf3 Bg4 5. Be2 O-O-O 6. c4 Qd7 7. d5 Bxf3 8. Bxf3 Ne5 9. Be2 e6 10. Nc3 Nf6 11. Bg5 exd5 12. Nxd5 Qf5 13. Bxf6 gxf6 14. Qa4 Nd3+ 15. Bxd3 Qxd3 16. Rd1 Bb4+ 17. Qxb4 Rhe8+ 18. Ne7+ Rxe7+ 0-1

[Event "*** Titled Tuesday 3|2 Blitz"]
[Site "Chess.com"]
[Date "2016.07.05"]
[Round "1"]
[White "Masterbeaterr"]
[Black "Indianlad"]
[Result "0-1"]
[WhiteElo "2297"]
[BlackElo "2596"]
[TimeControl "180+2"]
[EndTime "11:03:48 PDT"]
[Termination "Indianlad won by resignation"]

1. e4 c5 2. Nf3 d6 3. Nc3 a6 4. d4 cxd4 5. Nxd4 Nf6 6. Bg5 e6 7. f4 Qc7 8. Qe2 Nc6 9. O-O-O Nxd4 10. Rxd4 Be7 11. g3 Bd7 12. Bg2 h6 13. Bxf6 Bxf6 14.
Rc4 Qa5 15. e5 dxe5 16. Bxb7 Rb8 17. Bc6 Bxc6 18. Rxc6 exf4 19. Rxa6 Qc5 20. gxf4 O-O 21.
Ra3 Rxb2 22. Kxb2 Rb8+ 23. Rb3 Qxc3+ 24. Kc1 Qa1+ 25. Kd2 Rd8+ 26. Rd3 Qxh1 27. Rxd8+ Bxd8 28. a4 Ba5+ 0-1

[Event "*** Titled Tuesday 3|2 Blitz"]
[Site "Chess.com"]
[Date "2016.07.05"]
[Round "1"]
[White "EltajSafarli"]
[Black "Usurpov"]
[Result "1-0"]
[WhiteElo "2713"]
[BlackElo "2345"]
[TimeControl "180+2"]
[EndTime "11:04:01 PDT"]
[Termination "EltajSafarli won by resignation"]

1. e4 c5 2. Nf3 e6 3. d4 cxd4 4. Nxd4 Nf6 5. Nc3 Nc6 6. Nxc6 bxc6 7. e5 Nd5 8. Ne4 Ba6 9. Bxa6 Qa5+ 10. Bd2 Qxa6 11.
b3 f5 12. exf6 Nxf6 13. Nxf6+ gxf6 14. Qh5+ Kd8 15. c4 Be7 16. O-O Kc7 17. Rfd1 c5 18. Bf4+ e5 19. Be3 Qc6 20. Rd5 Raf8 21. Rad1 d6 22.
Qf5 Qd7 23. Qxd7+ Kxd7 24. Bxc5 Ke6 25. Bxd6 1-0

[Event "*** Titled Tuesday 3|2 Blitz"]
[Site "Chess.com"]
[Date "2016.07.05"]
[Round "1"]
[White "BillieKimbah"]
[Black "aripov96"]
[Result "1/2-1/2"]
[WhiteElo "2513"]
[BlackElo "2247"]
[TimeControl "180+2"]
[EndTime "11:04:45 PDT"]
[Termination "Game drawn by agreement"]

1. d4 d5 2. c4 c6 3. Nf3 Nf6 4. Nbd2 Bf5 5. Nh4 Bg6 6. Nxg6 hxg6 7. g3 e6 8. Bg2 Nbd7 9. O-O Bd6 10. b3 Qe7 11.
Bb2 Ba3 12. Bxa3 Qxa3 13. c5 Qa5 14. Qc2 O-O 15. Nf3 Rac8 16. Rab1 b5 17. b4 Qc7 18. a4 a6 19. Ra1 e5 20. e3 exd4 21. Nxd4 Ne5 22.
axb5 axb5 23. Ra6 Qd7 24. Rfa1 Nc4 25. Ra7 Rc7 26. Rxc7 Qxc7 27. Ra6 Ne5 28. h3 Qb7 29.
Qa2 Rc8 30. Ra7 Qb8 31. Qa6 Ne4 32. f4 Nc4 33. Nxc6 Rxc6 34. Qxc6 Qxa7 35. Qxd5 1/2-1/2

[Event "*** Titled Tuesday 3|2 Blitz"]
[Site "Chess.com"]
[Date "2016.07.05"]
[Round "1"]
[White "ZapataCharlesS"]
[Black "josiwales"]
[Result "1-0"]
[WhiteElo "2451"]
[BlackElo "2098"]
[TimeControl "180+2"]
[EndTime "11:04:50 PDT"]
[Termination "ZapataCharlesS won by resignation"]

1. e4 c5 2. c3 d5 3. exd5 Qxd5 4.
d4 Nf6 5. Nf3 Bg4 6. Qa4+ Nc6 7.
Bc4 Qe4+ 8. Be3 Bxf3 9. Nd2 Qg6 10. Nxf3 Qxg2 11. Ke2 g6 12. d5 O-O-O 13. dxc6 Ng4 14.
cxb7+ Kb8 15. Bf4+ e5 16. Bg3 Nxf2 17. Bxf2 e4 18.
Ne5 Rd2+ 19. Kxd2 Qxf2+ 20. Be2 Bh6+ 21. Kc2 Qxe2+ 22. Kb3 Qd2 23. Nd7+ Kc7 24. Rhd1 1-0

[Event "*** Titled Tuesday 3|2 Blitz"]
[Site "Chess.com"]
[Date "2016.07.05"]
[Round "1"]
[White "Grootneus"]
[Black "Iball95"]
[Result "0-1"]
[WhiteElo "2060"]
[BlackElo "2433"]
[TimeControl "180+2"]
[EndTime "11:05:12 PDT"]
[Termination "Iball95 won by checkmate"]

1. e4 c5 2. c3 g6 3. Nf3 Bg7 4. d4 cxd4 5. cxd4 d5 6. e5 Nc6 7. Bb5 Nh6 8. O-O O-O 9. Bxc6 bxc6 10. Nc3 Bg4 11. Bg5 Nf5 12. Be3 Qa5 13. h3 Bxf3 14.
Qxf3 Rab8 15. Qe2 Qb4 16. Rfd1 Qxb2 17. Qxb2 Rxb2 18. Na4 Rfb8 19. Nxb2 Rxb2 20. Rac1 Nxe3 21. fxe3 Bh6 22. Rd3 Rxa2 23. Rxc6 Re2 24. Rcc3 Bg5 25. Kf1 Rb2 26. Rb3 Rc2 27. Rb7 Bh4 28. Rxa7 Rf2+ 29. Kg1 Re2 30. Rd7 Bg3 31. Kf1 Re1# 0-1

[Event "*** Titled Tuesday 3|2 Blitz"]
[Site "Chess.com"]
[Date "2016.07.05"]
[Round "1"]
[White "OparinGrigoriy"]
[Black "simplerXiao"]
[Result "1-0"]
[WhiteElo "2633"]
[BlackElo "2332"]
[TimeControl "180+2"]
[EndTime "11:05:31 PDT"]
[Termination "OparinGrigoriy won by checkmate"]

1. Nf3 d5 2. g3 Nc6 3. d4 Bg4 4.
Bg2 Qd7 5. h3 Bxf3 6. Bxf3 O-O-O 7. Bg2 e5 8. dxe5 Nxe5 9. c3 Bc5 10. Nd2 Nf6 11. Nb3 Bd6 12. a4 Rhe8 13. a5 a6 14.
Nd4 Bc5 15. Bg5 h6 16. Bxf6 gxf6 17. e3 Nc4 18. Qc2 Bd6 19. O-O c6 20. b3 Ne5 21.
Qf5 Rg8 22. Qxd7+ Kxd7 23. h4 h5 24. Nf5 Bc7 25. Rfd1 Ke6 26. Nd4+ Ke7 27. Kf1 Ng4 28. Nf5+ Ke6 29. Nd4+ Ke7 30. e4 dxe4 31. Bxe4 Be5 32.
Nf5+ Ke6 33. Ng7+ Ke7 34. Nf5+ Ke6 35. f3 Bxc3 36. Rac1 Rxd1+ 37. Rxd1 Ne5 38. Rd6# 1-0

[Event "*** Titled Tuesday 3|2 Blitz"]
[Site "Chess.com"]
[Date "2016.07.05"]
[Round "1"]
[White "Fawolizzo"]
[Black "tigra"]
[Result "0-1"]
[WhiteElo "2047"]
[BlackElo "2432"]
[TimeControl "180+2"]
[EndTime "11:05:31 PDT"]
[Termination "tigra won on time"]

1. d4 Nf6 2. Nf3 g6 3. e3 Bg7 4. c4 O-O 5. Be2 d6 6. O-O Nc6 7. Nc3 e5 8. d5 Ne7 9. e4 Nh5 10. Ne1 Nf4 11. Bf3 f5 12. Bxf4 exf4 13. Nd3 fxe4 14.
Nxe4 Nf5 15. Nxf4 Nd4 16. Ne6 Bxe6 17. dxe6 Nxf3+ 18. gxf3 Be5 19. Kh1 Qh4 20. Ng3 Qxc4 0-1

[Event "*** Titled Tuesday 3|2 Blitz"]
[Site "Chess.com"]
[Date "2016.07.05"]
[Round "1"]
[White "salomez"]
[Black "Semetey"]
[Result "0-1"]
[WhiteElo "2101"]
[BlackElo "2454"]
[TimeControl "180+2"]
[EndTime "11:05:50 PDT"]
[Termination "Semetey won by checkmate"]

1. e4 c5 2. Nf3 e6 3. d4 cxd4 4. Nxd4 a6 5. Nc3 Qc7 6. Be2 b5 7. Be3 Bb7 8. f3 Nf6 9. O-O Bd6 10. g3 Bxg3 11. hxg3 Qxg3+ 12. Kh1 Qh3+ 13. Kg1 Qg3+ 14. Kh1 b4 15. Na4 Qh3+ 16. Kg1 Qg3+ 17. Kh1 h5 18.
Qe1 Qh3+ 19. Kg1 Ng4 20. fxg4 hxg4 21. Bf3 Qh2# 0-1

[Event "*** Titled Tuesday 3|2 Blitz"]
[Site "Chess.com"]
[Date "2016.07.05"]
[Round "1"]
[White "Er_is_geen_hoop_meer"]
[Black "E-Shaposhnikov"]
[Result "0-1"]
[WhiteElo "2324"]
[BlackElo "2626"]
[TimeControl "180+2"]
[EndTime "11:05:54 PDT"]
[Termination "E-Shaposhnikov won by resignation"]

1. b4 d5 2. Bb2 Qd6 3. a3 e5 4.
c4 dxc4 5. e3 Be6 6. Qc2 Nf6 7.
Nf3 Nbd7 8. Ng5 Nb6 9. Nxe6 Qxe6 10.
Nc3 Rd8 11. d3 c6 12. Be2 Be7 13. g4 Nxg4 14. Rg1 Nf6 15. Rxg7 Kf8 16. Rg3 Rg8 17. O-O-O Rxg3 18. hxg3 Kg8 19. g4 cxd3 20. Bxd3 Qxg4 21. Ne2 e4 22. Rg1 exd3 23. Rxg4+ Nxg4 24. Qd1 dxe2 25. Qxe2 h5 26. f3 Nf6 27. e4 Kf8 28. Qe3 Ke8 29.
Qh6 Nfd7 30. Qxh5 Nc4 31. Bd4 Nxa3 32. e5 Nf8 33. Bxa7 Bxb4 34. f4 Bd2+ 35. Kb2 Nc4+ 36.
Kb3 b5 37. Bc5 Ne6 38. Bf2 Bxf4 39. Qh8+ Kd7 40. Qf6 Nxe5 41. Bh4 Re8 42. Qf5 Kd6 43. Qe4 Nc5+ 0-1

[Event "*** Titled Tuesday 3|2 Blitz"]
[Site "Chess.com"]
[Date "2016.07.05"]
[Round "1"]
[White "FCChelsea14"]
[Black "DiamondCrusher22"]
[Result "1-0"]
[WhiteElo "2417"]
[BlackElo "1846"]
[TimeControl "180+2"]
[EndTime "11:05:55 PDT"]
[Termination "FCChelsea14 won by resignation"]

1. d4 d5 2. Nf3 Nf6 3. c4 c6 4. Qb3 Qb6 5. g3 Bf5 6. Nc3 Nbd7 7. c5 Qxb3 8. axb3 h6 9. b4 a6 10. b5 e6 11. Bf4 g5 12. Bc7 Ne4 13. bxa6 bxa6 14.
Nd2 Ra7 15. Ba5 Be7 16. Ndxe4 dxe4 17. e3 Nb8 18. Bb6 Ra8 19. b4 Kd7 20. b5 cxb5 21. Bxb5+ Kc8 22. Kd2 Bd8 23. Bxd8 Rxd8 24. Rhb1 e5 25.
d5 Be6 26. Bc4 Ra7 27. Ke1 Bf5 28. c6 Ra8 29. Na4 Kc7 30. Rb7+ Kd6 31. Nb6 Nxc6 32.
Nxa8 Bc8 33. dxc6 Bxb7 34. cxb7 Rb8 35. Bxa6 1-0

[Event "*** Titled Tuesday 3|2 Blitz"]
[Site "Chess.com"]
[Date "2016.07.05"]
[Round "1"]
[White "Saitama_Hero"]
[Black "amaidel"]
[Result "0-1"]
[WhiteElo "2100"]
[BlackElo "2448"]
[TimeControl "180+2"]
[EndTime "11:05:56 PDT"]
[Termination "amaidel won by resignation"]

1. d4 d5 2. c4 c6 3. cxd5 cxd5 4. Nc3 Nf6 5. f3 Nc6 6. e4 e6 7. e5 Ng8 8. f4 Nh6 9. Nf3 Nf5 10.
g4 Nh4 11. Be3 Nxf3+ 12. Qxf3 Qh4+ 13. Bf2 Qd8 14. Bd3 Qb6 15. O-O Bd7 16. Na4 Qb4 17. Nc5 Nxd4 18. Qd1 Bxc5 19. a3 Qxb2 20. Rb1 Qxa3 21.
Rxb7 Ba4 22. Qb1 O-O 23. Bxh7+ Kh8 24. Kh1 Qf3+ 25. Kg1 Qh3 0-1

[Event "*** Titled Tuesday 3|2 Blitz"]
[Site "Chess.com"]
[Date "2016.07.05"]
[Round "1"]
[White "annakantane"]
[Black "GeorgMeier"]
[Result "0-1"]
[WhiteElo "2337"]
[BlackElo "2709"]
[TimeControl "180+2"]
[EndTime "11:06:03 PDT"]
[Termination "GeorgMeier won by resignation"]

1. e4 e6 2. c4 d5 3. cxd5 exd5 4. exd5 Nf6 5. Nc3 Be7 6. Nf3 O-O 7. d4 Nbd7 8. Bd3 Nb6 9. O-O Nbxd5 10. h3 c6 11. Re1 Re8 12. Bg5 h6 13. Bd2 Bd6 14. Qb3 Be6 15. Qa4 Qb6 16. Ne2 Rad8 17. Rac1 Bb4 18.
a3 Bxd2 19. Nxd2 Nc7 20. Nc4 Bxc4 21. Bxc4 Ne6 22. Red1 Nd5 23. Ng3 g6 24. Qc2 Nxd4 25.
Qd2 Ne3 26. fxe3 Nf3+ 27. gxf3 Rxd2 0-1

[Event "*** Titled Tuesday 3|2 Blitz"]
[Site "Chess.com"]
[Date "2016.07.05"]
[Round "1"]
[White "TomsKantans"]
[Black "Wolverine_master"]
[Result "1-0"]
[WhiteElo "2427"]
[BlackElo "2029"]
[TimeControl "180+2"]
[EndTime "11:06:05 PDT"]
[Termination "TomsKantans won on time"]

1. e4 e5 2. Nf3 Nc6 3. Bb5 a6 4.
Ba4 Nf6 5. O-O b5 6. Bb3 Nxe4 7. d4 d5 8. dxe5 Be6 9. Nbd2 Nc5 10. c3 Nxb3 11. axb3 Be7 12. Re1 O-O 13. Nf1 Qd7 14.
h3 f6 15. exf6 Bxf6 16. Bg5 a5 17. Qd3 Qf7 18. Qxb5 Bxg5 19. Nxg5 Qxf2+ 20. Kh1 1-0

[Event "*** Titled Tuesday 3|2 Blitz"]
[Site "Chess.com"]
[Date "2016.07.05"]
[Round "1"]
[White "rithwik2002"]
[Black "Christov91"]
[Result "0-1"]
[WhiteElo "1880"]
[BlackElo "2410"]
[TimeControl "180+2"]
[EndTime "11:06:08 PDT"]
[Termination "Christov91 won by resignation"]

1. d4 d5 2. Bf4 Nf6 3. e3 Bf5 4. Bd3 Bxd3 5. Qxd3 c6 6. Nf3 e6 7. c4 Qb6 8. b3 Bb4+ 9. Nbd2 Nbd7 10. O-O Be7 11. c5 Qd8 12. b4 O-O 13. h3 a5 14.
a3 b6 15. b5 Qc8 16. bxc6 Qxc6 17. cxb6 Qxb6 18. Rab1 Qa6 19. Qxa6 Rxa6 20. a4 Bb4 21.
Rfc1 Nb6 22. Rc6 Rfa8 23. Ra1 Nc4 24. Rxa6 Rxa6 25. Nxc4 dxc4 26. Ne5 c3 27. Nd3 Rc6 28. f3 Nd5 29. Ne5 Rc8 30. Nd3 c2 0-1

[Event "*** Titled Tuesday 3|2 Blitz"]
[Site "Chess.com"]
[Date "2016.07.05"]
[Round "1"]
[White "Astaneh"]
[Black "FearlessKing64"]
[Result "1-0"]
[WhiteElo "2471"]
[BlackElo "2112"]
[TimeControl "180+2"]
[EndTime "11:06:10 PDT"]
[Termination "Astaneh won by resignation"]

1. d4 Nf6 2. c4 g6 3. Nf3 Bg7 4. g3 O-O 5. Bg2 d5 6. cxd5 Nxd5 7. O-O c5 8. dxc5 Nb4 9. Nc3 N8a6 10. a3 Nc6 11.
Be3 Be6 12. Rc1 Rc8 13. b4 Nc7 14. Qc2 a5 15. Rfd1 Qe8 16. b5 Nb8 17. a4 Rd8 18. Nd4 Bd5 19. b6 1-0

[Event "*** Titled Tuesday 3|2 Blitz"]
[Site "Chess.com"]
[Date "2016.07.05"]
[Round "1"]
[White "RamonManon0g"]
[Black "Boryboy"]
[Result "0-1"]
[WhiteElo "2239"]
[BlackElo "2532"]
[TimeControl "180+2"]
[EndTime "11:06:13 PDT"]
[Termination "Boryboy won on time"]

1. d4 e6 2. c4 d5 3. cxd5 exd5 4. Nc3 c6 5. Qc2 Nf6 6. Bg5 Nbd7 7. e3 Qa5 8. Bd3 h6 9. Bh4 g5 10. Bg3 Nh5 11.
Ne2 Nxg3 12. Nxg3 Nf6 13. O-O Be6 14. f3 O-O-O 15. e4 Kb8 16. e5 Nd7 17. a3 Qb6 18.
Qf2 Nxe5 19. Be2 Ng6 20. Nh5 Nf4 21. Nxf4 gxf4 22. Na4 Qc7 23. b4 Rg8 24. Kh1 Bd6 25. b5 cxb5 26. Bxb5 Qa5 27. Rab1 a6 28. Bc6 Bc8 29.
Nb6 Bf5 30. Bxb7 Bxb1 31. Rxb1 Ka7 32. Bxd5 Rb8 0-1

[Event "*** Titled Tuesday 3|2 Blitz"]
[Site "Chess.com"]
[Date "2016.07.05"]
[Round "1"]
[White "viditchess"]
[Black "BellJackson95"]
[Result "1-0"]
[WhiteElo "2509"]
[BlackElo "2169"]
[TimeControl "180+2"]
[EndTime "11:06:15 PDT"]
[Termination "viditchess won by resignation"]

1. Nf3 Nc6 2. d4 d5 3. Bf4 Nf6 4. e3 Nh5 5. Bg5 h6 6. Bh4 g5 7. Nfd2 Nf6 8. Bg3 Bg7 9. c4 e6 10. Nc3 O-O 11. Be2 dxc4 12. Nxc4 a6 13. h4 Nd5 14.
hxg5 Qxg5 15. Nxd5 exd5 16. Nd2 Bf5 17. Nf3 Qe7 18.
Rc1 Rac8 19. Bf4 Qe6 20. Nh4 Be4 21. Bg4 f5 22. Be2 Nb4 23. a3 Nc2+ 24. Rxc2 Bxc2 25. Qxc2 Qe4 26. Bd3 Qe7 27. Nxf5 Rxf5 28. Bxf5 Rf8 29. Bxh6 Qf6 1-0

[Event "*** Titled Tuesday 3|2 Blitz"]
[Site "Chess.com"]
[Date "2016.07.05"]
[Round "1"]
[White "Krupko_Alexey"]
[Black "David_Klein"]
[Result "0-1"]
[WhiteElo "1998"]
[BlackElo "2419"]
[TimeControl "180+2"]
[EndTime "11:06:22 PDT"]
[Termination "David_Klein won on time"]

1. e4 c5 2. Nf3 e6 3. d3 Nc6 4. g3 d5 5. Qe2 Be7 6. Bg2 Nf6 7. e5 Nd7 8. O-O g5 9. c4 g4 10. Ne1 Ndxe5 11. Nc3 d4 12. Bf4 Nf3+ 13. Nxf3 gxf3 14. Bxf3 dxc3 15. bxc3 Bf6 16. d4 cxd4 17. Rad1 Qb6 18. Bd6 dxc3 19. c5 Qb2 20. Qe4 Bd7 21. Bh5 c2 22.
Rc1 Qd4 23. Qe2 Qd5 24. Bf3 Nd4 0-1

[Event "*** Titled Tuesday 3|2 Blitz"]
[Site "Chess.com"]
[Date "2016.07.05"]
[Round "1"]
[White "Journey_to_GrandMaster_YT"]
[Black "kxt100"]
[Result "1-0"]
[WhiteElo "2421"]
[BlackElo "2006"]
[TimeControl "180+2"]
[EndTime "11:06:24 PDT"]
[Termination "Journey_to_GrandMaster_YT won by resignation"]

1. d4 Nf6 2. Nf3 e6 3. e3 c5 4. Bd3 d5 5. O-O Nc6 6. b3 Qc7 7. Bb2 Bd7 8. a3 Bd6 9. Nbd2 cxd4 10. exd4 O-O 11. Re1 Rac8 12. Ne5 Ne7 13. Rc1 Ng6 14. c4 Qb8 15. c5 Be7 16. Qf3 a6 17. Qg3 Bb5 18. Bb1 Nd7 19. b4 Ndxe5 20. dxe5 a5 21. Nf3 axb4 22. axb4 b6 23. h4 Rfd8 24. h5 Nf8 25. h6 g6 26. Ng5 Bxg5 27. Qxg5 Nd7 28. f4 bxc5 29. bxc5 Qa7 30. Bd4 Bc4 31. f5 exf5 32.
e6 fxe6 33. Qe7 1-0

[Event "*** Titled Tuesday 3|2 Blitz"]
[Site "Chess.com"]
[Date "2016.07.05"]
[Round "1"]
[White "MaestroASK"]
[Black "PowerThinking2650"]
[Result "1-0"]
[WhiteElo "2485"]
[BlackElo "2139"]
[TimeControl "180+2"]
[EndTime "11:06:27 PDT"]
[Termination "MaestroASK won by checkmate"]

1. g3 e5 2. d3 Nc6 3. Bg2 g6 4. c3 Bg7 5. e4 Nge7 6. Nh3 d6 7.
O-O h5 8. f4 h4 9. g4 exf4 10.
Nxf4 h3 11. Nxh3 Ne5 12. Nf2 c5 13. Bg5 f6 14. Bc1 g5 15. d4 cxd4 16. cxd4 N5g6 17. Nc3 Qb6 18. h3 Be6 19. Re1 O-O-O 20. Qd3 Kb8 21.
Be3 Nf4 22. Qd2 Neg6 23. d5 Qc7 24. dxe6 d5 25. Nxd5 Rxd5 26. exd5 Nxg2 27. Kxg2 Nh4+ 28. Kf1 Qg3 29. Qa5 a6 30. Rac1 Qg2+ 31. Ke2 Qf3+ 32. Kd2 f5 33. Qc7+ Ka8 34. Qc8+ Rxc8 35. Rxc8# 1-0

[Event "*** Titled Tuesday 3|2 Blitz"]
[Site "Chess.com"]
[Date "2016.07.05"]
[Round "1"]
[White "GianmarcoVaR"]
[Black "Hikaru"]
[Result "0-1"]
[WhiteElo "2367"]
[BlackElo "3001"]
[TimeControl "180+2"]
[EndTime "11:06:28 PDT"]
[Termination "Hikaru won on time"]

1. d4 Nf6 2. Nf3 d5 3. c4 c6 4.
e3 a6 5. Bd3 Bg4 6. O-O e6 7.
b3 Bd6 8. Bb2 Nbd7 9. Nbd2 Qb8 10.
h3 Bh5 11. Qc2 O-O 12. Ng5 h6 13. Ngf3 e5 14. cxd5 cxd5 15. dxe5 Rc8 16. Qxc8+ Qxc8 17. exd6 Qf8 18. Ba3 Qd8 19. g4 Bg6 20. Bxg6 fxg6 21. Rfc1 Qa5 22. Bb2 Ne8 23. Bc3 Qb6 24. Ne5 Qxd6 25.
Nxd7 Qxd7 26. Nf3 Nd6 27. Be5 Rf8 28. Nd4 Qe7 29. Bf4 Ne4 30. Rc7 Qh4 31. Rf1 Qxh3 32.
f3 Ng3 0-1

[Event "*** Titled Tuesday 3|2 Blitz"]
[Site "Chess.com"]
[Date "2016.07.05"]
[Round "1"]
[White "daro94"]
[Black "ZEN-22"]
[Result "1-0"]
[WhiteElo "2629"]
[BlackElo "2329"]
[TimeControl "180+2"]
[EndTime "11:06:28 PDT"]
[Termination "daro94 won by resignation"]

1. d4 c5 2. d5 e6 3. Nc3 b5 4. Nxb5 Qa5+ 5. Nc3 exd5 6. Qxd5 Nc6 7. Qd1 Nf6 8. Nf3 Ne4 9. Bd2 Nxd2 10. Nxd2 Rb8 11.
Nc4 Qc7 12. Nd5 Qd8 13. e4 Ba6 14. b3 Bxc4 15. Bxc4 Bd6 16. O-O O-O 17. f4 Na5 18. Qd3 Nxc4 19. Qxc4 Re8 20. Rad1 Bf8 21. Kh1 Re6 22.
c3 Rh6 23. Qd3 Qh4 24. h3 Re8 25. Qf3 d6 26. c4 Rhe6 27. Nc7 Rxe4 28. Nxe8 Rxe8 29.
Qf2 Qf6 30. Rfe1 Rd8 31. Qf3 g6 32. Re2 Bh6 33. g3 g5 34. Rde1 gxf4 35. Re8+ Rxe8 36. Rxe8+ Bf8 37. Qg4+ Qg6 38. gxf4 Kg7 39. Ra8 Be7 40. Rxa7 Kf6 41. Qh4+ Kf5 42. Rxe7 1-0

[Event "*** Titled Tuesday 3|2 Blitz"]
[Site "Chess.com"]
[Date "2016.07.05"]
[Round "1"]
[White "sorito"]
[Black "Matibar"]
[Result "0-1"]
[WhiteElo "2302"]
[BlackElo "2594"]
[TimeControl "180+2"]
[EndTime "11:06:31 PDT"]
[Termination "Matibar won by resignation"]

1. Nf3 g6 2. d4 Bg7 3. b3 d5 4.
Bb2 c6 5. e3 Nf6 6. c4 O-O 7.
Nc3 Ne4 8. Bd3 Nxc3 9. Bxc3 Bg4 10. O-O Nd7 11. cxd5 cxd5 12. h3 Bxf3 13. Qxf3 Nc5 14. dxc5 Bxc3 15. Rac1 Bg7 16. e4 d4 17. b4 e6 18. e5 Bxe5 19. Qxb7 Rb8 20. Qxa7 Rxb4 21. Rfe1 Bb8 22. Qa6 Qc7 23. g3 Rd8 24. Re2 Kg7 25. Kg2 h5 26. h4 Rd5 27. Rxe6 fxe6 28. Qxe6 Qf7 29. Qe4 Re5 30. Qc6 Rb2 31. Rf1 Re3 0-1

[Event "*** Titled Tuesday 3|2 Blitz"]
[Site "Chess.com"]
[Date "2016.07.05"]
[Round "1"]
[White "eltenedor"]
[Black "cabalista"]
[Result "0-1"]
[WhiteElo "2023"]
[BlackElo "2422"]
[TimeControl "180+2"]
[EndTime "11:06:34 PDT"]
[Termination "cabalista won by resignation"]

1. c4 g6 2. g3 Bg7 3. Bg2 d6 4. Nc3 e5 5. e3 f5 6. Nge2 Nf6 7.
d3 O-O 8. O-O c6 9. f4 Na6 10. Rb1 Qe7 11. h3 Nc7 12. b4 a6 13.
a4 Nh5 14. Kh2 g5 15. Qd2 gxf4 16. exf4 Rf6 17. Bf3 Rh6 18. Kg2 exf4 19. Nxf4 Nxf4+ 20. Qxf4 Ne6 21. Qd2 f4 22. Re1 Qg5 23. Qf2 Bxc3 0-1

[Event "*** Titled Tuesday 3|2 Blitz"]
[Site "Chess.com"]
[Date "2016.07.05"]
[Round "1"]
[White "alturas_pacificas"]
[Black "Gabrielian_Artur"]
[Result "0-1"]
[WhiteElo "2155"]
[BlackElo "2498"]
[TimeControl "180+2"]
[EndTime "11:06:52 PDT"]
[Termination "Gabrielian_Artur won by resignation"]

1. d4 Nf6 2. Bf4 g6 3. e3 Bg7 4.
Be2 O-O 5. Nf3 d6 6. O-O Nbd7 7. h3 b6 8. a4 a6 9. Nc3 Bb7 10. Qd3 Re8 11. e4 e5 12. dxe5 Nc5 13. Qc4 Nfxe4 14. Nxe4 Nxe4 15. exd6 Nxd6 16. Bxd6 Qxd6 17. Qd3 Qf4 18.
Rae1 Bxb2 19. Qb3 Bg7 20. Bc4 h6 21. Bd5 c6 22. Bc4 b5 23. Bd3 Kh7 24. h4 Kh8 25. h5 g5 26. c4 g4 27. Nh2 Bd4 28. cxb5 Rxe1 0-1

[Event "*** Titled Tuesday 3|2 Blitz"]
[Site "Chess.com"]
[Date "2016.07.05"]
[Round "1"]
[White "CraiggoryC"]
[Black "Frolyanov_D"]
[Result "0-1"]
[WhiteElo "2064"]
[BlackElo "2442"]
[TimeControl "180+2"]
[EndTime "11:07:05 PDT"]
[Termination "Frolyanov_D won by resignation"]

1. e4 e5 2. Nf3 Nf6 3. Nc3 Nc6 4. Nxe5 Nxe5 5. d4 Nc6 6. d5 Bb4 7. dxc6 Nxe4 8. Qg4 O-O 9. Bd3 dxc6 10. Qh5 g6 11. Qf3 Nxc3 12. O-O Nd5 13. c4 Ne7 14. Bg5 f6 15.
Bh6 Rf7 16. Rad1 Qe8 17. a3 Bd6 18. Rfe1 Be5 19. c5 Nf5 20. Bc4 Nxh6 21. Bxf7+ Nxf7 22. Qxf6 Bg4 23. Qh4 Bxd1 0-1

[Event "*** Titled Tuesday 3|2 Blitz"]
[Site "Chess.com"]
[Date "2016.07.05"]
[Round "1"]
[White "jeaston1"]
[Black "AndreyOstrovskiy"]
[Result "1/2-1/2"]
[WhiteElo "2156"]
[BlackElo "2494"]
[TimeControl "180+2"]
[EndTime "11:07:06 PDT"]
[Termination "Game drawn by agreement"]

1. d4 Nf6 2. c4 e6 3. Nc3 Bb4 4. Qc2 O-O 5. a3 Bxc3+ 6. Qxc3 d6 7. Bg5 Re8 8. e3 Nbd7 9. Bd3 e5 10. Ne2 c5 11. dxe5 dxe5 12. O-O b6 13. Ng3 h6 14. Bxf6 Nxf6 15. Rad1 Qc7 16. Be4 Nxe4 17. Nxe4 Re6 18. Qd3 Bb7 19. Nc3 e4 20. Qd7 Rc8 21. Qxc7 Rxc7 22. Rd8+ Kh7 23. Rfd1 Ree7 24. Nb5 Rc8 25. R8d7 Rxd7 26. Rxd7 Bc6 27. Rxa7 Bxb5 28. cxb5 Rd8 29. g3 Rd2 30. Rb7 Rxb2 31. Rxb6 c4 32. Rc6 Rxb5 33. Rxc4 f5 34. a4 Rb1+ 35. Kg2 Ra1 36. Rc5 Kg6 37. Ra5 h5 38. Ra6+ Kf7 39. Ra7+ Kf6 40.
a5 g6 41. Ra6+ Kg5 42. h4+ Kh6 43. Ra8 Kg7 44. a6 Kh7 45. a7 Kg7 1/2-1/2

[Event "*** Titled Tuesday 3|2 Blitz"]
[Site "Chess.com"]
[Date "2016.07.05"]
[Round "1"]
[White "HansCoolNiemann"]
[Black "dretch"]
[Result "0-1"]
[WhiteElo "2336"]
[BlackElo "2641"]
[TimeControl "180+2"]
[EndTime "11:07:21 PDT"]
[Termination "dretch won by checkmate"]

1. d4 d5 2. c4 c6 3. cxd5 cxd5 4. Nc3 Nc6 5. Bf4 Nf6 6. e3 Bf5 7. Qb3 Na5 8. Qa4+ Bd7 9. Qd1 Qb6 10. Rb1 e6 11.
Bd3 Rc8 12. Nge2 Nh5 13. Be5 Nc6 14. O-O Be7 15. Ng3 Nxe5 16. Nxh5 Nxd3 17. Qxd3 O-O 18.
Rfc1 Rfd8 19. Nf4 Bd6 20. g3 Rc7 21. a3 Rdc8 22. b4 Rc4 23. Nce2 Bb5 24. Qd2 Qa6 25. Rxc4 Rxc4 26. Nc3 Bd7 27. Qb2 Bxf4 28. gxf4 e5 29.
fxe5 Rxc3 30. Qxc3 Qg6+ 31. Kh1 Qxb1+ 32. Kg2 Qg6+ 33.
Kf1 Bb5+ 34. Ke1 Qg1+ 35. Kd2 Qxf2+ 36. Kc1 Qg1+ 37. Kb2 Qxh2+ 38. Kb3 Bc4+ 39. Ka4 Qh3 40. b5 Qd7 41. Qb4 b6 42. e4 h5 43. exd5 Qxd5 44. e6 Qxb5+ 45. Qxb5 Bxb5+ 46. Kxb5 fxe6 47. Ka6 h4 48.
Kxa7 h3 49. Kxb6 h2 50. a4 h1=Q 51. a5 Qd5 52. a6 Qxd4+ 53. Kb7 g5 54. a7 Qxa7+ 55.
Kxa7 g4 56. Kb6 g3 57. Kc6 g2 58. Kd6 g1=Q 59. Kxe6 Qg5 60. Kd6 Kf7 61. Kc6 Ke6 62. Kb6 Kd6 63. Kb7 Qb5+ 64. Kc8 Qb2 65. Kd8 Qh8# 0-1